 Dungeon Crawl Stone Soup version 0.21.0-3-g78d12a8bdd (webtiles) character file.

154738 Jannitor the Slayer (level 16, -5/167 HPs)
             Began as a Minotaur Berserker on Jan 11, 2018.
             Was an Elder of Trog.
             Slain by a salamander
             ... wielding a +2 halberd of chopping
              (14 damage)
             ... on level 2 of the Snake Pit.
             The game lasted 00:52:19 (34379 turns).

Jannitor the Slayer (Minotaur Berserker)           Turns: 34379, Time: 00:52:19

Health: -5/167     AC: 17    Str: 29    XL:     16   Next: 78%
Magic:  15/15      EV: 13    Int:  8    God:    Trog [****..]
Gold:   1415       SH:  0    Dex: 10    Spells: 15/15 levels left

rFire    + . .     SeeInvis +   q - +3 executioner's axe (chop)
rCold    . . .     Gourm    .   (shield currently unavailable)
rNeg     . . .     Faith    .   e - +0 swamp dragon scales
rPois    +         Spirit   .   (helmet restricted)
rElec    .         Reflect  .   (no cloak)
rCorr    .         Harm     .   f - +0 pair of gloves of the Curious Mice {Int+4}
MR       +....                  O - +0 pair of boots
Stlth    ..........             (no amulet)
HPRegen  0.37/turn              R - ring of protection from fire
MPRegen  0.14/turn              E - ring of see invisible

@: berserk cooldown, slowed, very slow
A: retaliatory headbutt, horns 2
}: 1/15 runes: decaying
a: Berserk, Trog's Hand, Brothers in Arms, Burn Spellbooks, Renounce Religion


You were on level 2 of the Snake Pit.
You worshipped Trog.
Trog was greatly pleased with you.
You were very hungry.

You visited 5 branches of the dungeon, and saw 29 of its levels.
You also visited: Bailey, Ice Cave and Volcano.

You collected 2829 gold pieces.
You spent 1414 gold pieces at shops.

Inventory:

Hand Weapons
 a - a +0 hand axe
 b - a +3 antimagic battleaxe
 q - a +3 executioner's axe of chopping (weapon)
 y - a +5 hand axe of freezing
Armour
 e - +0 swamp dragon scales (worn)
 f - the +0 pair of gloves of the Curious Mice (worn) {Int+4}
   (You bought it in a shop on level 2 of the Orcish Mines)

   It affects your intelligence (+4).
 H - a +2 chain mail of magic resistance
 K - a +2 chain mail of fire resistance
 O - a +0 pair of boots (worn)
Jewellery
 i - an uncursed ring of protection from fire
 v - an uncursed ring of flight
 B - an uncursed ring of magical power
 C - a cursed -3 ring of strength
 E - a ring of see invisible (right hand)
 F - a cursed -3 ring of strength
 R - a ring of protection from fire (left hand)
Wands
 d - a wand of acid (10)
 j - a wand of iceblast (20)
 r - a wand of flame (59)
 G - a wand of scattershot (9)
 I - a wand of enslavement (13)
 L - a wand of clouds (8)
 Q - a wand of polymorph (30)
 U - a wand of paralysis (46)
Scrolls
 g - a scroll of fog
 h - 7 scrolls of remove curse
 l - 8 scrolls of teleportation
 s - 3 scrolls of fear
 t - 6 scrolls of identify
 D - 4 scrolls of enchant armour
 J - 2 scrolls of magic mapping
 N - a scroll of blinking
Potions
 k - 4 potions of cancellation
 m - a potion of haste
 n - 6 potions of mutation
 o - 4 potions of resistance
 p - 3 potions of might
 u - 2 potions of brilliance
 w - 4 potions of ambrosia
 x - 6 potions of curing
 z - 2 potions of flight
 A - 3 potions of lignification
 V - 2 potions of agility
Books
 S - a book of Conjurations

   Spells                             Type                      Level
   a - Magic Dart                     Conjuration                  1
   b - Searing Ray                    Conjuration                  2
   c - Dazzling Spray                 Conjuration/Hexes            3
   d - Fulminant Prism                Conjuration/Hexes            4
   e - Force Lance                    Conjuration/Translocation    4
   f - Iskenderun's Mystic Blast      Conjuration                  4
   Trog disapproves of the use of such an item.
Miscellaneous
 M - a lamp of fire
 P - a phantom mirror
Comestibles
 c - 15 rations


   Skills:
 + Level 21.3 Fighting
 + Level 19.7 Axes
 + Level 19.6 Armour
 + Level 5.3 Dodging


You had 15 spell levels left.
You didn't know any spells.

Dungeon Overview and Level Annotations

Branches:
Dungeon (15/15)            Temple (0/1) D:5            Lair (6/6) D:11
  Swamp (4/4) Lair:4        Snake (2/4) Lair:3          Orc (2/2) D:9
    Elf (0/3) Orc:2        Vaults (0/5) D:14
  Slime: Lair:5-6    Depths: D:15

Altars:
Cheibriados
Elyvilon
Gozag
Hepliaklqana
Nemelex Xobeh
Ru
Sif Muna
Trog
Uskayaw
Vehumet
Wu Jian
Xom

Shops:
D:7 (   D:11 }   Orc:1 }   Orc:2 [:!=

Portals:
Trove: D:13 (show abyssal rune of Zot)

Annotations:
Lair:5 1 exclusion
Lair:6 exclusion: 4 oklob plants


Innate Abilities, Weirdness & Mutations

You reflexively headbutt those who attack you in melee.
You have a pair of horns on your head.


Message History

You feel sick.
The salamander hits you from afar with a halberd of chopping!
* * * LOW HITPOINT WARNING * * *
You are engulfed in flames.
You resist.
* * * LOW HITPOINT WARNING * * *
x2 Unknown command.
Unknown command.
The salamander barely misses you.
Unknown command.
You feel sick.
You feel sick.
The salamander hits you but does no damage.
The salamander misses you.
You feel sick.
You are no longer poisoned.
The salamander shoots an arrow.
The arrow hits you.
* * * LOW HITPOINT WARNING * * *
Unknown command.
The salamander hits you from afar with a halberd of chopping!
You die...

######## ### #..#...#
### ##.# #.##.## ##.#
##.## ##.###.#
##..###..# #.## ##.
###.......## #)# #.
##.....<##..## #)# ##.
...#.......@.##..####)#
#..
.....#####..###..##..#
##.. N..
##N###...#..###.(( #N.
#N.###..)...).))# #..
#...##......##..# # ##
#..## ##..........###..
≈#§#≈# #..#
##..####(...# ##.
.....# #.## ##..##
#....# # . .....##..#
##...## ##<..#


You could see 2 salamanders.

Vanquished Creatures
  Mara (Swamp:3)
  Kirke (Swamp:2)
  A thorn hunter (Swamp:3)
  Roxanne (Swamp:1)
  The ghost of fino the Impaler, an adept MfTm of Ru (Swamp:4)
  A nagaraja (Snake:1)
  Aizul (Swamp:1)
  4 vault guards (D:14)
  23 hydras
  A ghost crab (Swamp:1)
  A centaur warrior (D:14)
  A catoblepas (D:14)
  6 naga warriors (Snake:1)
  6 two-headed ogres
  An alligator (Swamp:4)
  4 anacondas
  3 death yaks (Lair:4)
  3 shock serpents
  Urug (D:14)
  7 spriggans
  4 naga sharpshooters
  An orc high priest (Orc:2)
  A hell knight (Volcano)
  A salamander mystic (Volcano)
  2 naga ritualists
  A spriggan druid (Swamp:3)
  An orange crystal statue (D:10)
  A shambling mangrove (Swamp:1)
  7 swamp dragons
  An orc knight (Orc:2)
  2 mana vipers
  An oklob plant (Orc:2)
  A deep elf mage (D:14)
  A necromancer (IceCv)
  5 orc sorcerers (Orc:2)
  6 ugly things
  13 salamanders
  2 cyclopes
  Maurice (D:11)
  3 ice statues (IceCv)
  2 centaur zombies
  6 naga magi
  2 guardian serpents (Snake:1)
  7 elephants
  16 black mambas
  Psyche (D:10)
  2 centaur skeletons
  A gargoyle (D:10)
  A kobold demonologist (D:13)
  8 spiny frogs
  An efreet (D:14)
  4 yaktaurs (D:11)
  13 ice devils
  2 komodo dragons
  7 trolls
  3 meliai (D:13)
  7 tyrant leeches
  8 hornets
  A blink frog (shapeshifter) (D:13)
  2 polar bears (Lair:1)
  4 blink frogs (Lair:2)
  15 slime creatures
  4 bog bodies
  9 hippogriffs
  A water elemental (D:14)
  3 wyverns
  A wraith (D:12)
  4 shadows
  3 basilisks
  3 hogs (Swamp:2)
  19 yaks
  2 hungry ghosts
  Eustachio (D:5)
  18 nagas
  4 vampire mosquitoes
  A warg (Orc:2)
  A soldier ant (D:11)
  25 swamp worms
  An acid dragon (D:14)
  9 water moccasins
  13 swamp drakes
  8 porcupines
  A meliai simulacrum (D:11)
  30 orc warriors
  6 ice beasts
  4 sky beasts
  3 phantoms
  3 black bears
  6 ogres
  19 centaurs
  7 wolves
  11 crocodiles
  2 big kobolds
  14 bullfrogs
  A wyvern zombie (D:11)
  4 scorpions
  6 killer bees
  15 wights
  6 electric eels
  A howler monkey (D:5)
  4 crimson imps
  3 draconian simulacra (IceCv)
  2 quasits
  A bullfrog skeleton (D:12)
  A bullfrog zombie (D:13)
  5 jellies
  5 gnoll shamans (D:4)
  12 orc priests
  9 hounds
  38 orc wizards
  6 iguanas
  2 hell rats (Lair:2)
  3 troll simulacra (IceCv)
  8 worker ants
  A hound skeleton (D:8)
  35 gnolls
  9 adders
  A naga simulacrum (IceCv)
  3 ogre simulacra (IceCv)
  6 river rats (Lair:2)
  3 shadow imps
  4 white imps (D:11)
  A worker ant simulacrum (D:11)
  2 ufetubi (D:11)
  2 oozes
  An adder skeleton (D:7)
  4 worms
  2 dart slugs
  5 leopard geckos
  83 orcs
  6 giant cockroaches
  12 goblins
  19 hobgoblins
  27 jackals
  4 quokkas
  3 ball pythons
  6 bats (D:1)
  4 frilled lizards
  A jackal skeleton (D:4)
  16 kobolds
  2 leopard gecko skeletons
  A quokka zombie (D:6)
  14 rats
  4 fungi
  2 plants
887 creatures vanquished.

Vanquished Creatures (collateral kills)
  the Lernaean hydra (Swamp:4)
  A thorn hunter (Swamp:3)
  2 hydras (Lair:5)
  2 two-headed ogres (D:15)
  A swamp dragon (Swamp:3)
  A shambling mangrove (Swamp:3)
  4 ugly things
  2 salamanders (Volcano)
  A black mamba (Lair:2)
  2 elephants
  A queen bee (D:9)
  A hippogriff (Lair:2)
  A hornet (Swamp:3)
  A bog body (Swamp:3)
  A basilisk (Lair:2)
  A swamp worm (Swamp:3)
  A water moccasin (D:5)
  A porcupine (Lair:4)
  A centaur (Bailey)
  21 killer bees (D:9)
  4 orcs (Bailey)
51 creatures vanquished.

Vanquished Creatures (others)
  3 fungi
  8 plants
11 creatures vanquished.

Grand Total: 949 creatures vanquished

Notes
Turn   | Place    | Note
-------+----------+-------------------------------------------
     0 | D:1      | Jannitor the Minotaur Berserker began the quest for the Orb.
     0 | D:1      | Reached XP level 1. HP: 19/19 MP: 0/0
    21 | D:1      | Reached XP level 2. HP: 26/27 MP: 1/1
    33 | D:1      | Reached skill level 4 in Fighting
    66 | D:1      | Reached ** piety under Trog
   135 | D:1      | Reached XP level 3. HP: 26/33 MP: 2/2
   751 | D:2      | Found a shimmering altar of Xom.
   752 | D:2      | Found a radiant altar of Vehumet.
   762 | D:2      | Reached XP level 4. HP: 41/41 MP: 3/3
   810 | D:2      | Found a white marble altar of Elyvilon.
  1296 | D:3      | Reached *** piety under Trog
  1381 | D:3      | Reached skill level 5 in Axes
  1381 | D:3      | Reached XP level 5. HP: 45/47 MP: 4/4
  1387 | D:3      | Reached skill level 5 in Fighting
  2080 | D:4      | Noticed a hand axe
  2081 | D:4      | Noticed a hand axe
  2115 | D:4      | Reached XP level 6. HP: 23/56 MP: 5/5
  2149 | D:4      | Reached skill level 5 in Armour
  2425 | D:4      | Reached skill level 6 in Fighting
  2449 | D:4      | Reached XP level 7. HP: 63/63 MP: 6/6
  2525 | D:4      | Reached **** piety under Trog
  2751 | D:4      | Reached skill level 7 in Fighting
  3127 | D:4      | Found an opulent altar of Gozag.
  3223 | D:4      | Reached XP level 8. HP: 65/73 MP: 7/7
  3356 | D:4      | Found a hide-covered altar of Uskayaw.
  3488 | D:5      | Entered Level 5 of the Dungeon
  3515 | D:5      | Noticed Eustachio
  3525 | D:5      | Killed Eustachio
  3542 | D:5      | Reached skill level 8 in Fighting
  3759 | D:5      | Found a staircase to the Ecumenical Temple.
  3943 | D:5      | Found a hazy altar of Hepliaklqana.
  4470 | D:6      | Found a bloodstained altar of Trog.
  4837 | D:6      | Reached XP level 9. HP: 70/82 MP: 8/8
  5128 | D:7      | Reached skill level 9 in Fighting
  5146 | D:7      | Found Nehoor's Weapon Emporium.
  5518 | D:8      | Found a sacrificial altar of Ru.
  5524 | D:8      | Noticed a two-headed ogre
  5533 | D:8      | Killed a two-headed ogre
  5533 | D:8      | Reached ***** piety under Trog
  5533 | D:8      | Reached skill level 10 in Fighting
  5533 | D:8      | Reached skill level 10 in Axes
  5683 | D:8      | Reached skill level 10 in Armour
  5689 | D:8      | Reached XP level 10. HP: 93/94 MP: 9/9
  5945 | D:8      | Received a gift from Trog
  6374 | D:8      | Noticed a two-headed ogre
  6379 | D:8      | Killed a two-headed ogre
  6379 | D:8      | Reached skill level 11 in Fighting
  6491 | D:8      | Found a sparkling altar of Nemelex Xobeh.
  6521 | D:8      | Found an ornate altar of the Wu Jian Council.
  6521 | D:8      | Found a snail-covered altar of Cheibriados.
  6589 | D:8      | You fall through a shaft for 2 floors!
  6589 | D:10     | Entered Level 10 of the Dungeon
  6780 | D:10     | Noticed a gargoyle
  6791 | D:10     | Killed a gargoyle
  6804 | D:10     | Noticed Psyche
  6808 | D:10     | Killed Psyche
  6903 | D:9      | Found a staircase to the Orcish Mines.
  6908 | D:9      | Found a flagged portal.
  6917 | Bailey   | Entered a bailey
  7648 | Bailey   | Reached skill level 12 in Fighting
  7730 | Bailey   | Reached XP level 11. HP: 104/104 MP: 10/10
  8405 | D:9      | Received a gift from Trog
  8515 | D:9      | Reached skill level 13 in Fighting
  9648 | D:10     | Noticed an orange crystal statue
  9914 | D:10     | Killed an orange crystal statue
  9976 | D:11     | Noticed a two-headed ogre
 10263 | D:11     | Killed a two-headed ogre
 10263 | D:11     | Reached skill level 14 in Fighting
 10298 | D:11     | Noticed Maurice
 10305 | D:11     | Killed Maurice
 10900 | D:11     | Noticed a two-headed ogre
 10912 | D:11     | Killed a two-headed ogre
 10912 | D:11     | Reached XP level 12. HP: 118/118 MP: 11/11
 11104 | D:11     | Reached skill level 15 in Fighting
 11268 | D:11     | Found Fiupn's Gadget Shoppe.
 11272 | D:11     | Bought a wand of clouds (4) for 312 gold pieces
 11272 | D:11     | Bought a lamp of fire for 520 gold pieces
 11732 | D:11     | Found a staircase to the Lair.
 11754 | Lair:1   | Entered Level 1 of the Lair of Beasts
 11833 | Lair:1   | Found a frozen archway.
 11904 | IceCv    | Entered an ice cave
 11922 | IceCv    | Received a gift from Trog
 12557 | IceCv    | Reached skill level 16 in Fighting
 13929 | Lair:2   | Noticed a six-headed hydra
 13933 | Lair:2   | Killed a seven-headed hydra
 13933 | Lair:2   | Reached skill level 17 in Fighting
 14125 | Lair:2   | Found a dark tunnel.
 14166 | Volcano  | Entered a volcano
 14185 | Volcano  | Found a bloodstained altar of Trog.
 14189 | Volcano  | Reached skill level 15 in Axes
 14189 | Volcano  | Reached XP level 13. HP: 97/132 MP: 12/12
 14499 | Volcano  | Reached skill level 15 in Armour
 15388 | Lair:3   | Found a staircase to the Snake Pit.
 16250 | Lair:4   | You fall through a shaft!
 16524 | Lair:4   | Reached skill level 18 in Fighting
 16768 | Lair:4   | Found a staircase to the Swamp.
 17862 | Lair:5   | Found a deep blue altar of Sif Muna.
 18071 | Lair:6   | Entered Level 6 of the Lair of Beasts
 18550 | Orc:1    | Entered Level 1 of the Orcish Mines
 18749 | Orc:2    | Entered Level 2 of the Orcish Mines
 18770 | Orc:2    | HP: 9/204 [orc warrior/dire flail of protection[an orc knight] (13)]
 19177 | Orc:2    | Reached XP level 14. HP: 136/144 MP: 13/13
 19738 | Orc:2    | Found Umnyew's Book Shop.
 19738 | Orc:2    | Found Yfek's General Store.
 19739 | Orc:2    | Found Diul's Jewellery Boutique.
 19977 | Orc:1    | Found Toasul's Gadget Shop.
 20312 | Orc:2    | Found a staircase to the Elven Halls.
 20397 | Orc:2    | Found Ferap's Distillery.
 20401 | Orc:2    | Bought a potion of heal wounds for 90 gold pieces
 20524 | Orc:2    | Found Xauf's Antique Armour Shoppe.
 20540 | Orc:2    | Bought a pair of scorched gloves for 275 gold pieces
 20540 | Orc:2    | Bought a glowing chain mail for 217 gold pieces
 20560 | Orc:2    | Identified the +0 pair of gloves of the Curious Mice {Int+4} (You bought it in a shop on level 2 of the Orcish Mines)
 21615 | D:12     | Received a gift from Trog
 21743 | D:12     | Identified a scroll of acquirement
 22309 | D:13     | Found a portal to a secret trove of treasure.
 23036 | D:13     | Reached skill level 19 in Fighting
 24444 | D:14     | Received a gift from Trog
 24751 | D:14     | Paralysed by a hornet for 2 turns
 24760 | D:14     | Found a gate to the Vaults.
 25041 | D:15     | Entered Level 15 of the Dungeon
 25041 | D:15     | Noticed Urug
 25051 | D:14     | Killed Urug
 25400 | Swamp:1  | Entered Level 1 of the Swamp
 25458 | Swamp:1  | Noticed Aizul
 25469 | Swamp:1  | Killed Aizul
 25469 | Swamp:1  | Reached XP level 15. HP: 86/154 MP: 14/14
 26062 | Swamp:1  | Noticed Roxanne
 26073 | Swamp:1  | Killed Roxanne
 26748 | Swamp:2  | Noticed Kirke
 26775 | Swamp:2  | Killed Kirke
 27278 | Swamp:2  | You fall through a shaft!
 27278 | Swamp:3  | Noticed Mara
 27286 | Swamp:3  | Killed Mara
 27286 | Swamp:3  | Reached skill level 20 in Fighting
 27758 | Swamp:3  | Noticed a thorn hunter
 27774 | Swamp:3  | Killed a thorn hunter
 27895 | Swamp:3  | Noticed a thorn hunter
 27906 | Swamp:3  | Killed a thorn hunter
 28462 | Swamp:4  | Entered Level 4 of the Swamp
 29116 | Swamp:4  | Noticed fino's ghost (adept MfTm)
 30085 | Swamp:4  | Reached XP level 16. HP: 165/165 MP: 15/15
 30309 | Swamp:4  | Killed fino's ghost
 30909 | Swamp:4  | Noticed the 27-headed Lernaean hydra
 30914 | Swamp:4  | Killed the 26-headed Lernaean hydra
 30997 | Swamp:4  | Got a decaying rune of Zot
 31171 | Snake:1  | Entered Level 1 of the Snake Pit
 31791 | Snake:1  | Reached skill level 21 in Fighting
 34212 | Snake:2  | Reached skill level 5 in Dodging
 34379 | Snake:2  | Slain by a salamander

Skill      XL: |  1  2  3  4  5  6  7  8  9 10 11 12 13 14 15 16 |
---------------+-------------------------------------------------+-----
Axes           | 4 5 6 7 9 10 12 13 15 16 17 18 19 | 19.7
Armour         | 3 4 5 6 8 10 11 13 14 16 17 18 19 | 19.6
Fighting       | 4 5 6 7 8 10 12 14 17 18 19 20 21 | 21.3
Dodging        | 5 |  5.3

Action                   |  1- 3 |  4- 6 |  7- 9 | 10-12 | 13-15 | 16-18 || total
-------------------------+-------+-------+-------+-------+-------+-------++-------
Melee: Hand axe          |    73 |   152 |   303 |   196 |       |       ||   724
       Headbutt          |    19 |    24 |    67 |   105 |   168 |    48 ||   431
       Executioner's axe |       |       |       |   361 |   771 |   223 ||  1355
Invok: Berserk           |       |     3 |     7 |    24 |    37 |    15 ||    86
       Trog's Hand       |       |     1 |     2 |     9 |    14 |     6 ||    32
       Brothers in Arms  |       |       |     1 |     5 |    15 |     2 ||    23
       Burn Spellbooks   |       |       |     1 |     3 |     2 |       ||     6
 Abil: Evoke Flight      |       |       |       |     4 |       |       ||     4
  Use: Scroll            |       |       |    14 |    13 |    13 |     1 ||    41
       Potion            |       |       |       |     2 |    14 |     2 ||    18
  Eat: Chunk             |       |     7 |    15 |    24 |    34 |     5 ||    85
       Ration            |       |       |     1 |    11 |    19 |     6 ||    37
Armor: Animal skin       |     5 |       |       |       |       |       ||     5
       Scale mail        |    28 |    69 |   111 |    71 |       |       ||   279
       Chain mail        |       |       |       |   154 |   532 |       ||   686
       Plate armour      |       |       |       |   117 |     4 |       ||   121
       Swamp dragon scal |       |       |       |       |    61 |   145 ||   206
Dodge: Dodged            |    56 |    83 |   189 |   354 |   466 |   183 ||  1331
